 Dungeon Crawl Stone Soup version 0.28.0-53-g5a82cb258f (webtiles) character file.

Game seed: 2137356291971381036

5 Zeld the Conjurer (level 1, 0/10 HPs)
             Began as a Gargoyle Conjurer on June 1, 2022.
             Constricted to death by a ball python (1 damage)
             ... on level 1 of the Dungeon.
             The game lasted 00:00:47 (115 turns).

Zeld the Conjurer (Gargoyle Conjurer)                Turns: 115, Time: 00:00:47

Health: 0/10       AC:  4    Str: 10    XL:     1   Next: 80%
Magic:  1/3        EV:  8    Int: 18    God:
Gold:   0          SH:  0    Dex:  8    Spells: 3/4 levels left

rFire   . . .      SeeInvis .   (no weapon)
rCold   . . .      Faith    .   (no shield)
rNeg    + . .      Spirit   .   a - +0 robe
rPois   ∞          Reflect  .   (no helmet)
rElec   +          Harm     .   (no cloak)
rCorr   .          Rampage  .   (no gloves)
Will    .....                   (no boots)
Stlth   ++........              (no amulet)
HPRegen 0.03/turn               (no ring)
MPRegen 0.08/turn               (no ring)

@: constricted
A: sickness immunity, AC +2, negative energy resistance 1, electricity
resistance, torment resistance 1, petrification resistance
a: no special abilities


You were on level 1 of the Dungeon.
You visited 1 branch of the dungeon, and saw 1 of its levels.

Inventory:

Armour
 a - a +0 robe (worn)


   Skills:
 - Level 1.5 Dodging
 - Level 2.1 Stealth
 * Level 2.1 Spellcasting
 + Level 4.4 Conjurations
 * Level 0.5 Hexes
 * Level 0.3 Translocations


You had 3 spell levels left.
You knew the following spells:

 Your Spells              Type           Power      Damage    Failure   Level
a - Magic Dart            Conj           68%        1d6       3%          1

Your spell library contained the following spells:

 Spells                   Type           Power      Damage    Failure   Level
 Searing Ray              Conj           34%        2d5       4%          2
 Dazzling Flash           Conj/Hex       20%        N/A       19%         3
 Fulminant Prism          Conj/Hex       5%         3d7       54%         4
 Iskenderun's Mystic Bla  Conj/Tloc      10%        2d4       56%         4


Dungeon Overview and Level Annotations

Branches:
Dungeon (1/15)

Altars:


Innate Abilities, Weirdness & Mutations

You are immune to sickness and miasma.
Your stone body is resilient. (AC +2)
You are immune to poison.
You resist negative energy. (rN+)
You are resistant to electric shocks. (rElec)
You are resistant to unholy torment.
You are immune to petrification.


Message History

Found 18 stones.
Why would you want to do that?
A goblin comes into view. It is wielding a +0 dagger.
Why would you want to do that? Why would you want to do that?
The rat bites you but does no damage. The goblin hits you with a +0 dagger.
* * * LOW HITPOINT WARNING * * *
The rat completely misses you.
Casting: Magic Dart (safe; 3% risk of failure)
Confirm with . or Enter, or press ? or * to list all spells.
Aiming: Magic Dart (safe; 3% risk of failure)
Press: ? - help, Shift-Dir - straight line, f - goblin
Aim: a goblin, wielding a +0 dagger (100% to hit)
The magic dart hits the goblin.
The goblin is severely wounded.
The ball python closely misses you. The ball python grabs you.
The ball python constricts you. The goblin hits you but does no damage.
The kobold hits you with a +0 club.
* * * LOW HITPOINT WARNING * * *
The rat bites you.
* * * LOW HITPOINT WARNING * * *
Unknown command.
Casting: Magic Dart (safe; 3% risk of failure)
Confirm with . or Enter, or press ? or * to list all spells.
Aiming: Magic Dart (safe; 3% risk of failure)
Press: ? - help, Shift-Dir - straight line, f/p - goblin
Aim: a goblin, wielding a +0 dagger (severely wounded, 100% to hit)
The magic dart hits the goblin.
You kill the goblin!
The ball python barely misses you. The ball python constricts you.
The ball python barely misses you. The ball python constricts you.
The kobold barely misses you. The rat bites you but does no damage.
Unknown command.
You escape the ball python's grasp.
Things that are here:
a +0 dagger; a goblin corpse The ball python misses you.
The ball python barely misses you. x2
The ball python grabs you. The ball python constricts you.
You die...

##############
##...........§###
#...≈.≈.§.≈§§§≈.##
#§.8...8...8§r.8.#
#§§.≈.≈.≈.≈.≈§§.≈#
#....8...8..§8Br.#
#.§.≈[≈.≈.≈.§§≈K≈#
#..8...8..§8.§S8.#
#.≈.≈.≈.≈.≈§≈.§@≈#
#.§§§8...8§..8...#
#§§§§.≈.≈.≈.§.§.≈# #
#..8...8...8§..8..
####### #
##.≈$≈.≈.≈.≈§§§§.§§#
#.....# #
......8..§8...8§§..#
#.....# #
.##≈.≈.≈.≈§≈.§.§§§.#
##.....####
.#..8§..8.§§8.. ..#
#......##..
.....≈.≈.≈.≈.
#.........#


You could see a quokka, a giant cockroach, a ball python, a kobold and a rat.

Vanquished Creatures
  2 endoplasms (D:1)
  A giant cockroach (D:1)
  A goblin (D:1)
4 creatures vanquished.

Notes
Turn   | Place    | Note
-------+----------+-------------------------------------------
     0 | D:1      | Zeld the Gargoyle Conjurer began the quest for the Orb.
     0 | D:1      | Reached XP level 1. HP: 10/10 MP: 3/3
   115 | D:1      | Constricted to death by a ball python

Illustrated notes

Levels and vault maps discovered:
D:1:      doesnt_arrival_eight_statues, layout_rooms, kennysheep_crisscross

Action                   || total
-------------------------++-------
Melee: Unarmed           ||     7
 Cast: Magic Dart        ||    10
Armor: Robe              ||    17
Dodge: Dodged            ||    24
